 Dungeon Crawl Stone Soup version 0.24.0-123-gd5b16e6ec5 (webtiles) character file.

Game seed: 15871281537272932079, levelgen mode: deterministic

392 Bluestream the Cudgeler (level 6, 0/53 HPs)
             Began as a Minotaur Berserker on Feb 2, 2020.
             Was a Priest of Trog.
             Killed from afar by Ijyb (21 damage)
             ... with a bolt of acid
             ... on level 5 of the Dungeon.
             The game lasted 00:05:47 (3190 turns).

Bluestream the Cudgeler (Minotaur Berserker)        Turns: 3190, Time: 00:05:48

Health: 0/53       AC: 17    Str: 24    XL:     6   Next: 51%
Magic:  5/5        EV: 11    Int:  4    God:    Trog [***...]
Gold:   293        SH:  0    Dex:  9    Spells: 5/5 levels left

rFire    x . .     SeeInvis .   a - +0 mace
rCold    + + .     Gourm    +   (no shield)
rNeg     . . .     Faith    .   o - +0 ice dragon scales
rPois    .         Spirit   .   (helmet restricted)
rElec    .         Reflect  .   s - +0 cloak (curse)
rCorr    .         Harm     .   (no gloves)
MR       .....                  (no boots)
Stlth    ..........             f - amulet of the gourmand
HPRegen  0.17/turn              n - ring of wizardry
MPRegen  0.09/turn              w - +5 ring of protection

@: no status effects
A: retaliatory headbutt, horns 2
a: Berserk, Trog's Hand, Renounce Religion


You were on level 5 of the Dungeon.
You worshipped Trog.
Trog was most pleased with you.
You were not hungry.

You visited 1 branch of the dungeon, and saw 5 of its levels.

You collected 293 gold pieces.

Inventory:

Hand Weapons
 a - a +0 mace (weapon)
Armour
 b - a +0 ring mail
 o - +0 ice dragon scales (worn)
 s - a cursed +0 cloak (worn)
Jewellery
 f - an amulet of the gourmand (around neck)
 n - a ring of wizardry (left hand)
 w - a +5 ring of protection (right hand)
 x - an uncursed ring of magical power {unknown}
 y - a +3 ring of strength {unknown}
 z - an uncursed ring of protection from fire {unknown}
Wands
 g - a wand of scattershot (6)
 u - a wand of random effects (8)
Scrolls
 e - 2 scrolls of magic mapping
 j - 2 scrolls of identify
 p - a scroll of blinking {unknown}
 t - a scroll of amnesia {unknown}
 v - a scroll of fear
 A - a scroll of teleportation
Potions
 d - a potion of mutation
 h - a potion of cancellation
 i - a potion of degeneration {unknown}
 k - 4 potions of curing
 l - a potion of might {unknown}
 m - 3 potions of flight {unknown}
 q - a potion of resistance
 r - a potion of agility {unknown}
Comestibles
 c - 6 rations


   Skills:
 + Level 4.6 Fighting
 + Level 6.1 Maces & Flails
 + Level 4.9 Armour
 + Level 3.8 Dodging
 + Level 0.6 Stealth


You had 5 spell levels left.
You didn't know any spells.
Your spell library was empty.

Dungeon Overview and Level Annotations

Branches:
Dungeon (5/15)             Temple (0/1) D:4

Altars:
Elyvilon
Nemelex Xobeh
Sif Muna
Uskayaw
Vehumet
Yredelemnul

Annotations:
D:5 Ijyb


Innate Abilities, Weirdness & Mutations

You reflexively headbutt those who attack you in melee.
You have a pair of horns on your head.


Message History

You sock Ijyb! Your headbutt misses Ijyb.
Ijyb is moderately wounded.
Ijyb hits you.
You barely miss Ijyb.
Ijyb is moderately wounded.
Ijyb barely misses you.
Your ice dragon scales prevents you from hitting Ijyb.
Your headbutt misses Ijyb.
Ijyb is moderately wounded.
Ijyb hits you but does no damage.
You barely miss Ijyb.
Ijyb is moderately wounded.
Ijyb closely misses you.
You barely miss Ijyb.
Ijyb is moderately wounded.
Ijyb zaps a wand.
The bolt of acid hits you!
You are splashed with acid!!
You sock Ijyb!
Ijyb is severely wounded.
Ijyb zaps a wand.
The bolt of acid hits you!!
You die...

#.#.....≈≈≈≈....≈.#
#.#....^≈≈≈≈.......
######.#....≈≈≈≈≈≈.....#
#...........≈≈≈≈≈≈≈....#
#...........≈≈≈≈≈§≈≈...#
#...........≈≈≈≈§≈≈≈≈..#
#...........≈≈≈≈≈§≈≈≈≈.#
#.....g......≈≈≈§≈≈≈≈≈≈#
#......@.....≈≈≈≈.≈≈≈≈≈.
########......≈...≈≈≈≈..
#......≈.....≈...
#...............#
#.##......#....##
#.........#....#
####......#....#
#......#...##
########...###


You could see Ijyb.

Vanquished Creatures
  An ice beast (D:5)
  A crimson imp (D:3)
  3 worker ants
  A hound skeleton (D:4)
  3 gnolls (D:5)
  5 adders
  2 oozes (D:2)
  2 adder skeletons (D:4)
  4 worms
  3 dart slugs
  4 leopard geckos
  7 orcs (D:3)
  5 giant cockroaches
  6 goblins
  4 hobgoblins
  9 jackals
  2 quokkas
  2 ball pythons
  9 bats
  4 frilled lizards
  5 kobolds
  11 rats
93 creatures vanquished.

Notes
Turn   | Place    | Note
-------+----------+-------------------------------------------
     0 | D:1      | Bluestream the Minotaur Berserker began the quest for the
                  | Orb.
     0 | D:1      | Reached XP level 1. HP: 19/19 MP: 0/0
   243 | D:1      | Reached XP level 2. HP: 24/27 MP: 1/1
   780 | D:2      | Reached skill level 4 in Maces & Flails
   780 | D:2      | Reached XP level 3. HP: 20/33 MP: 2/2
  1122 | D:2      | Found a basalt altar of Yredelemnul.
  1180 | D:2      | Reached ** piety under Trog
  1261 | D:2      | Found a white marble altar of Elyvilon.
  1576 | D:2      | Found a sparkling altar of Nemelex Xobeh.
  1804 | D:3      | Reached XP level 4. HP: 40/40 MP: 3/3
  1979 | D:3      | Reached skill level 5 in Maces & Flails
  1979 | D:3      | Reached XP level 5. HP: 24/47 MP: 4/4
  2035 | D:3      | Found a radiant altar of Vehumet.
  2259 | D:3      | Found a glowing drain.
  2558 | D:4      | Reached *** piety under Trog
  2586 | D:4      | Found a hide-covered altar of Uskayaw.
  2648 | D:4      | Found a staircase to the Ecumenical Temple.
  2682 | D:4      | Found a shimmering blue altar of Sif Muna.
  2918 | D:5      | Entered Level 5 of the Dungeon
  2934 | D:5      | Reached XP level 6. HP: 36/53 MP: 5/5
  2986 | D:5      | Noticed an ice beast
  2993 | D:5      | Killed an ice beast
  2993 | D:5      | Reached skill level 6 in Maces & Flails
  3180 | D:5      | Noticed Ijyb
  3190 | D:5      | Killed from afar by Ijyb

Levels and vault maps discovered:
D:1:      lemuel_arrival_muddy, layout_loops_ring
D:2:      layout_loops_corners, yredelemnul_altar_generic, lemuel_round_altar,
          nemelex_spade_bored_becter
D:3:      layout_basic, lemuel_crystal_altar, gup_sewer_entry_bowl
D:4:      layout_rooms, kennysheep_mini, old_standard_altar,
          minmay_temple_entry_mist, palyth_stone_intersect,
          minmay_misc_feat_encased
D:5:      cheibrodos_thug_alley, layout_basic, nicolae_qazlal_style_of_elements,
          first_ration, lemuel_old_faithful, uniq_ijyb

Skill      XL: |  1  2  3  4  5  6 |
---------------+-------------------+-----
Armour         | 3 4 |  4.9
Maces & Flails | 4 5 6 |  6.1
Fighting       | 4 |  4.6
Dodging        | 3 |  3.8
Stealth        | |  0.6

Action                   |  1- 3 |  4- 6 || total
-------------------------+-------+-------++-------
Melee: Mace              |   103 |   113 ||   216
       Headbutt          |    16 |    20 ||    36
  Use: Scroll            |       |     8 ||     8
  Eat: Chunk             |     3 |     6 ||     9
Armor: Chain mail        |     9 |       ||     9
       Ring mail         |    30 |    26 ||    56
       Ice dragon scales |       |    27 ||    27
Dodge: Dodged            |    53 |    67 ||   120
